Map: Prion Terraces

Players

LilDicky - Winner!

  • Race: Terran Terran
  • League: Diamond

apple

  • Race: Zerg Zerg
  • League: Diamond

VOD

http://www.twitch.tv/tumescentpie

Description

Time

  • Played on: Dec. 7, 2015, 10:37 a.m.
  • Length: 6:58
Show
View Real Time Build Order
Export as new Build Order

LilDicky Terran - Winner!

Build Orders: Liberator Opening 

Get SALT Encoding   

  12  0:01  SCV  
  13  0:13  SCV  
  14  0:18  Supply Depot  
  14  0:25  SCV  
  14  0:27  Refinery  
  15  0:39  SCV  
  16  0:47  Barracks  
  16  0:52  SCV  
  17  0:59  Refinery  
  17  1:04  SCV  
  18  1:16  SCV  
  19  1:34  Orbital Command  
  19  1:36  Marine  
  19  1:37  Supply Depot  
  20  1:45  Factory  
  20  2:03  Barracks Reactor, Supply Depot  
  20  2:05  SCV  
  21  2:17  SCV  
  22  2:28  Armory  
  22  2:30  Starport  
  22  2:33  SCV  
  23  2:39  Marine x2  
  23  2:44  Factory Tech Lab  
  25  2:45  SCV  
  26  2:52  Supply Depot  
  26  2:57  Marine  
  26  2:58  Marine  
  28  3:16  Thor  
  34  3:21  Medivac  
  36  3:31  Marine  
  36  3:32  Marine  
  36  3:34  Liberator  
  38  3:47  Supply Depot  
  38  3:48  SCV  
  39  3:51  Marine  
  39  3:52  Marine  
  44  4:00  SCV  
  45  4:09  Marine x2  
  46  4:15  SCV  
  46  4:16  Supply Depot, Siege Tank  
  51  4:27  Marine  
  51  4:28  SCV  
  53  4:38  Marine  
  54  4:47  Supply Depot  
  54  4:48  Siege Tank  
  42  5:30  Thor  
  42  5:35  Medivac  
  50  5:38  SCV  
  51  5:45  Command Center  
  51  5:50  SCV  
  51  5:51  Refinery  
  51  5:52  Refinery  
  52  5:58  Marine x2  
  52  6:02  SCV  
  55  6:14  SCV  
  55  6:16  Marine x2  
Show
View Real Time Build Order
Export as new Build Order

apple Zerg 

Build Orders: Hatch First 

Get SALT Encoding   

  12  0:01  Drone  
  13  0:12  Overlord  
  13  0:17  Drone  
  14  0:24  Extractor  
  14  0:25  Drone  
  15  0:30  Drone  
  15  0:34  Drone  
  17  0:56  Hatchery  
  16  0:58  Drone  
  16  1:01  Drone  
  18  1:12  Extractor  
  18  1:17  Spawning Pool  
  16  1:20  Drone  
  16  1:22  Drone  
  18  1:28  Drone  
  19  1:38  Drone  
  20  1:50  Drone  
  21  2:00  Overlord  
  21  2:06  Extractor, Queen  
  23  2:12  Queen  
  23  2:13  Drone  
  26  2:16  Metabolic Boost  
  26  2:18  Drone  
  26  2:21  Drone  
  28  2:27  Zergling x2  
  28  2:29  Zergling x2  
  30  2:40  Drone  
  31  2:47  Overlord  
  31  2:52  Drone x2  
  33  3:01  Overlord  
  33  3:02  Drone  
  33  3:05  Hatchery  
  33  3:08  Drone  
  34  3:32  Baneling Nest  
  34  3:33  Drone  
  34  3:34  Drone x2  
  36  3:40  Spore Crawler  
  33  3:43  Drone  
  33  3:44  Drone x3, Spine Crawler  
  33  3:45  Spine Crawler  
  36  3:53  Drone, Spine Crawler, Spore Crawler  
  36  3:57  Zergling x2  
  36  3:58  Zergling x4  
  36  3:59  Spine Crawler, Zergling x4  
  36  4:00  Zergling x4  
  42  4:07  Drone x3  
  45  4:10  Extractor  
  44  4:20  Queen  
  44  4:22  Drone  
  46  4:37  Spine Crawler  
  43  4:47  Zergling x2  
  43  4:48  Zergling x22  
  53  4:54  Baneling x2  
  53  4:55  Baneling x2  
  41  5:29  Queen  
  41  5:33  Drone  
  41  5:34  Drone x6  
  41  5:35  Lair  
  50  5:38  Extractor  
  49  6:18  Drone  
  49  6:19  Extractor  
  49  6:26  Zergling x6  
  49  6:29  Overlord x3  
  52  6:35  Baneling  
  52  6:36  Baneling x6  
Tags
 
Add a new tag
Caveats
  • Supply blocks, unpowered buildings, or Contaminate may cause inaccurate times.
  • Supply counts are checked every 10 seconds.